AoeStats
← StarchyAutumn14

Northern Isles

510346948Analyzed
1v1 RM · 2d ago on Sep 30, 2026· 60m 59s· 2 players
Game mode
Random Map
Map size
Tiny (2 player)
Population
200
Speed
Normal
Resources
Standard
Victory
Conquest
Starting age
Dark Age
Ending age
Imperial Age
RankedLock teamsTeams togetherTeam positionsShared explorationLock speedFull tech treeHidden civsTurbo modeCheats
Victory
Defeat
🇪🇸 Portuguese · Spain
709
+15
🇪🇪 Aztecs · Estonia
678
-15
StarchyAutumn14
11:11 Feudal Age
9:26 Loom
11:42 Double-Bit Axe
14:47 Wheelbarrow
13:59 Town Watch
13:58 Horse Collar
15:32 Fishing Lines
24:20 Castle Age
23:37 Fletching
25:28 Medium Warships
25:59 Eagle Warrior
26:11 Elite Skirmisher
27:45 Hand Cart
27:43 Bow Saw
28:32 Squires
28:56 Pikeman
29:23 Arson
36:23 Imperial Age
36:08 Bodkin Arrow
36:23 Forging
39:53 Elite Jaguar Warrior
44:41 Murder Holes
45:07 Ballistics
45:55 Atlatl
53:47 Iron Casting
53:13 Scale Mail Armor
53:15 Bracer
53:15 Padded Archer Armor
61:40 Heavy Warships
mundokenzo
4:46 Loom
10:24 Feudal Age
11:00 Double-Bit Axe
12:48 Wheelbarrow
12:03 Town Watch
13:17 Fishing Lines
14:57 Gold Mining
15:33 Fletching
15:43 Padded Archer Armor
15:54 Forging
19:07 Horse Collar
23:28 Castle Age
24:48 Iron Casting
24:09 Bodkin Arrow
24:29 Leather Archer Armor
24:38 Hand Cart
24:49 Medium Warships
24:32 Gillnets
28:17 Bloodlines
28:30 Heavy Plow
36:16 Stone Mining
43:43 Imperial Age
42:14 Scale Barding Armor
43:22 Husbandry
45:09 Bow Saw
45:02 Cavalier
46:32 Ballistics
49:13 Chemistry
50:33 Chain Barding Armor
56:12 Elite Cannon Galleon
Connection lost

Rejoining the realm…

Still unreachable

The connection could not be restored.

Session expired

The server has moved on; the page needs a fresh start.